TOP OF THE 1ST |
Kansas City Royals batting - Pitching for Chicago White Sox : RHP Xenophon Valvis
|
Pitching: RHP Xenophon Valvis
|
|
Batting: RHB Matt Belgard
|
0-0: Called Strike 0-1: Ball 1-1: Swinging Strike 1-2: Strikes out swinging
|
Batting: LHB Roman Downey
|
0-0: Ball 1-0: Foul Ball, location: 2F 1-1: Ball 2-1: Foul Ball, location: 2F 2-2: Foul Ball, location: 2F 2-2: Strikes out swinging
|
Batting: LHB Mike Meyerhoff
|
0-0: Called Strike 0-1: Ball 1-1: Called Strike 1-2: Ball 2-2: Foul Ball, location: 2F 2-2: Ball 3-2: Strikes out swinging
|
Top of the 1st over - 0 runs, 0 hits, 0 errors, 0 left on base; Kansas City 0 - Chicago 0 |
BOTTOM OF THE 1ST |
Chicago White Sox batting - Pitching for Kansas City Royals : RHP Chris Irvin
|
Pitching: RHP Chris Irvin
|
|
Batting: RHB Brad Boals
|
0-0: Foul Ball, location: 2F 0-1: Foul Ball, location: 2F 0-2: Ball 1-2: Ball 2-2: Foul Ball, location: 2F 2-2: Ball 3-2: Ground out 5-3 (Groundball, 56S, EV 69.4 MPH)
|
Batting: RHB Steve Castleberry
|
0-0: Called Strike 0-1: Ball 1-1: Ball 2-1: Foul Ball, location: 2F 2-2: SOLO HOME RUN (Flyball, 9LD, EV 93.1 MPH), Distance : 350 ft
|
Batting: RHB Joseph Disepolo
|
0-0: Hit by Pitch
|
Batting: LHB Jack Christie
|
0-0: Foul Ball, location: 2F 0-1: Foul Ball, location: 2F 0-2: Ball Joseph Disepolo is caught stealing 2nd base 2-6 1-2: Foul Ball, location: 2F 1-2: Strikes out swinging
|
Bottom of the 1st over - 1 run, 1 hit, 0 errors, 0 left on base; Kansas City 0 - Chicago 1 |
TOP OF THE 2ND |
Kansas City Royals batting - Pitching for Chicago White Sox : RHP Xenophon Valvis
|
Batting: RHB Mike Jaquez
|
0-0: Ball 1-0: Ball 2-0: Ball 3-0: Called Strike 3-1: Called Strike 3-2: Strikes out swinging
|
Batting: SHB Jose Pacheco
|
0-0: Fly out, F8 (Flyball, 8LM, EV 81.9 MPH)
|
Batting: RHB Adam Martin
|
0-0: Ball 1-0: Foul Ball, location: 2F 1-1: Called Strike 1-2: Foul Ball, location: 2F 1-2: Ball 2-2: Foul Ball, location: 2F 2-2: Foul Ball, location: 2F 2-2: Strikes out swinging
|
Top of the 2nd over - 0 runs, 0 hits, 0 errors, 0 left on base; Kansas City 0 - Chicago 1 |
BOTTOM OF THE 2ND |
Chicago White Sox batting - Pitching for Kansas City Royals : RHP Chris Irvin
|
Batting: RHB Dieter Knoops
|
0-0: Called Strike 0-1: Called Strike 0-2: SINGLE (Line Drive, 34, EV 101.9 MPH)
|
Batting: SHB Rich Chavez
|
0-0: Called Strike 0-1: Called Strike 0-2: Ball 1-2: Fly out, F9 (Line Drive, 9LM, EV 97.5 MPH)
|
Batting: RHB Jason Moss
|
0-0: Ball 1-0: Called Strike 1-1: Ball 2-1: Ball 3-1: Ground out U3 (Groundball, 3S, EV 71.2 MPH) Dieter Knoops to second
|
Batting: SHB Cesar Herrera
|
0-0: Called Strike 0-1: Ground out 4-3 (Groundball, 4, EV 105.6 MPH)
|
Bottom of the 2nd over - 0 runs, 1 hit, 0 errors, 1 left on base; Kansas City 0 - Chicago 1 |
TOP OF THE 3RD |
Kansas City Royals batting - Pitching for Chicago White Sox : RHP Xenophon Valvis
|
Batting: SHB Gil Switzer
|
0-0: Foul Ball, location: 2F 0-1: Called Strike 0-2: Foul Ball, location: 2F 0-2: Strikes out looking
|
Batting: RHB Bob Najar
|
0-0: Ball 1-0: Ball 2-0: Ground out 4-3 (Groundball, 4M, EV 85.6 MPH)
|
Batting: LHB Justin Rupert
|
0-0: Called Strike 0-1: Ball 1-1: Swinging Strike 1-2: Foul Ball, location: 2F 1-2: SOLO HOME RUN (Flyball, 9LD, EV 96.2 MPH), Distance : 349 ft
|
Batting: RHB Matt Belgard
|
0-0: Called Strike 0-1: Swinging Strike 0-2: Strikes out swinging
|
Top of the 3rd over - 1 run, 1 hit, 0 errors, 0 left on base; Kansas City 1 - Chicago 1 |
BOTTOM OF THE 3RD |
Chicago White Sox batting - Pitching for Kansas City Royals : RHP Chris Irvin
|
Batting: LHB Sidney Pedder
|
0-0: Ball 1-0: Ball 2-0: Foul Ball, location: 2F 2-1: Ball 3-1: Foul Ball, location: 2F 3-2: Foul Ball, location: 2F 3-2: Base on Balls
|
Batting: RHB Brad Boals
|
0-0: Called Strike Sidney Pedder is caught stealing 2nd base 2-4 0-1: Swinging Strike 0-2: Strikes out swinging
|
Batting: RHB Steve Castleberry
|
0-0: Called Strike 0-1: Ball 1-1: Fly out, F8 (Flyball, 8LD, EV 99.4 MPH)
|
Bottom of the 3rd over - 0 runs, 0 hits, 0 errors, 0 left on base; Kansas City 1 - Chicago 1 |
TOP OF THE 4TH |
Kansas City Royals batting - Pitching for Chicago White Sox : RHP Xenophon Valvis
|
Batting: LHB Roman Downey
|
0-0: Ball 1-0: Called Strike 1-1: Called Strike 1-2: Foul Ball, location: 2F 1-2: SINGLE (Groundball, 34D, EV 108.8 MPH)
|
Batting: LHB Mike Meyerhoff
|
0-0: Called Strike 0-1: Ball 1-1: Swinging Strike 1-2: Foul Ball, location: 2F 1-2: Ball 2-2: Strikes out swinging
|
Batting: RHB Mike Jaquez
|
0-0: Ball 1-0: Called Strike 1-1: Called Strike 1-2: Strikes out swinging
|
Batting: SHB Jose Pacheco
|
0-0: Ball 1-0: Swinging Strike 1-1: Ball 2-1: Foul Ball, location: 2F 2-2: Fly out, F6 (Popup, 56D, EV 43.8 MPH)
|
Top of the 4th over - 0 runs, 1 hit, 0 errors, 1 left on base; Kansas City 1 - Chicago 1 |
BOTTOM OF THE 4TH |
Chicago White Sox batting - Pitching for Kansas City Royals : RHP Chris Irvin
|
Batting: RHB Joseph Disepolo
|
0-0: SINGLE (Groundball, 3D, EV 99.4 MPH)
|
Batting: LHB Jack Christie
|
0-0: Called Strike 0-1: Foul Ball, location: 2F 0-2: Ball 1-2: SINGLE (Groundball, 6MD, EV 104.4 MPH) Joseph Disepolo to second Runner from 2nd tries for 3rd, SAFE, throw by CF made to third
|
Batting: RHB Dieter Knoops
|
0-0: Ball 1-0: Called Strike 1-1: Called Strike 1-2: Strikes out swinging
|
Batting: SHB Rich Chavez
|
0-0: Foul Ball, location: 2F 0-1: Ball 1-1: Ball 2-1: Ball 3-1: Foul Ball, location: 2F 3-2: Foul Ball, location: 2F 3-2: Base on Balls Jack Christie to second
|
Batting: RHB Jason Moss
|
0-0: Called Strike 0-1: Grounds into double play, 6-4-3 (Groundball, 6, EV 95.6 MPH)
|
Bottom of the 4th over - 0 runs, 2 hits, 0 errors, 2 left on base; Kansas City 1 - Chicago 1 |
TOP OF THE 5TH |
Kansas City Royals batting - Pitching for Chicago White Sox : RHP Xenophon Valvis
|
Batting: RHB Adam Martin
|
0-0: Fly out, F3 (Popup, 3F, EV 65.6 MPH)
|
Batting: SHB Gil Switzer
|
0-0: Called Strike 0-1: Ball 1-1: Called Strike 1-2: Ground out 4-3 (Groundball, 4S, EV 63.1 MPH)
|
Batting: RHB Bob Najar
|
0-0: Fly out, F7 (Flyball, 7LS, EV 85.6 MPH)
|
Top of the 5th over - 0 runs, 0 hits, 0 errors, 0 left on base; Kansas City 1 - Chicago 1 |
BOTTOM OF THE 5TH |
Chicago White Sox batting - Pitching for Kansas City Royals : RHP Chris Irvin
|
Batting: SHB Cesar Herrera
|
0-0: Ball 1-0: Called Strike 1-1: Fly out, F9 (Flyball, 89D, EV 91.9 MPH)
|
Batting: LHB Sidney Pedder
|
0-0: Foul Ball, location: 2F 0-1: Ground out 4-3 (Groundball, 4, EV 91.9 MPH)
|
Batting: RHB Brad Boals
|
0-0: Fly out, F7 (Flyball, 7LSF, EV 88.1 MPH)
|
Bottom of the 5th over - 0 runs, 0 hits, 0 errors, 0 left on base; Kansas City 1 - Chicago 1 |
TOP OF THE 6TH |
Kansas City Royals batting - Pitching for Chicago White Sox : RHP Xenophon Valvis
|
Batting: LHB Justin Rupert
|
0-0: Ball 1-0: Foul Ball, location: 2F 1-1: SINGLE (Line Drive, 3D, EV 106.2 MPH)
|
Batting: RHB Matt Belgard
|
0-0: Ball 1-0: Ball 2-0: Ball 3-0: Ground out 5-3 (Groundball, 56S, EV 73.1 MPH) Justin Rupert to second
|
Batting: LHB Roman Downey
|
0-0: Fly out, F7 (Flyball, 7, EV 78.8 MPH)
|
Batting: LHB Mike Meyerhoff
|
0-0: Called Strike 0-1: Called Strike 0-2: Ball 1-2: Ball 2-2: Foul Ball, location: 2F 2-2: Foul Ball, location: 2F 2-2: Foul Ball, location: 2F 2-2: Foul Ball, location: 2F 2-2: Ball 3-2: Hit by Pitch
|
Batting: RHB Mike Jaquez
|
0-0: Fly out, F8 (Flyball, 8RD, EV 95.0 MPH)
|
Top of the 6th over - 0 runs, 1 hit, 0 errors, 2 left on base; Kansas City 1 - Chicago 1 |
BOTTOM OF THE 6TH |
Chicago White Sox batting - Pitching for Kansas City Royals : RHP Chris Irvin
|
Batting: RHB Steve Castleberry
|
0-0: Ball 1-0: Ground out 5-3 (Groundball, 56S, EV 69.4 MPH)
|
Batting: RHB Joseph Disepolo
|
0-0: Fly out, F8 (Line Drive, 8RM, EV 108.1 MPH)
|
Batting: LHB Jack Christie
|
0-0: Called Strike 0-1: Ball 1-1: Ball 2-1: Swinging Strike 2-2: DOUBLE (Line Drive, 8LXD, EV 101.9 MPH)
|
Batting: RHB Dieter Knoops
|
0-0: Swinging Strike 0-1: Swinging Strike 0-2: Ball 1-2: Ball 2-2: Foul Ball, location: 2F 2-2: Foul Ball, location: 2F 2-2: Ball 3-2: Ground out 3-1 (Groundball, 34, EV 85.0 MPH)
|
Bottom of the 6th over - 0 runs, 1 hit, 0 errors, 1 left on base; Kansas City 1 - Chicago 1 |
TOP OF THE 7TH |
Kansas City Royals batting - Pitching for Chicago White Sox : RHP Xenophon Valvis
|
Batting: SHB Jose Pacheco
|
0-0: Ball 1-0: Hit by Pitch
|
Batting: RHB Adam Martin
|
0-0: Ball 1-0: Ball 2-0: Grounds into double play, 5-4-3 (Groundball, 5, EV 91.9 MPH)
|
Batting: SHB Gil Switzer
|
0-0: Called Strike 0-1: Hit by Pitch
|
Batting: RHB Bob Najar
|
0-0: Foul Ball, location: 2F 0-1: Foul Ball, location: 2F 0-2: Strikes out swinging
|
Top of the 7th over - 0 runs, 0 hits, 0 errors, 1 left on base; Kansas City 1 - Chicago 1 |
BOTTOM OF THE 7TH |
Chicago White Sox batting - Pitching for Kansas City Royals : RHP Chris Irvin
|
Batting: SHB Rich Chavez
|
0-0: Ball 1-0: Ball 2-0: Called Strike 2-1: Fly out, F6 (Flyball, 4D, EV 80.6 MPH)
|
Batting: RHB Jason Moss
|
0-0: Called Strike 0-1: Ball 1-1: Foul Ball, location: 2F 1-2: Strikes out looking
|
Batting: SHB Cesar Herrera
|
0-0: Swinging Strike 0-1: Foul Ball, location: 2F 0-2: Fly out, F7 (Flyball, 7, EV 85.6 MPH)
|
Bottom of the 7th over - 0 runs, 0 hits, 0 errors, 0 left on base; Kansas City 1 - Chicago 1 |
TOP OF THE 8TH |
Kansas City Royals batting - Pitching for Chicago White Sox : RHP Xenophon Valvis
|
Batting: LHB Justin Rupert
|
0-0: Ball 1-0: Called Strike 1-1: Foul Ball, location: 2F 1-2: Ball 2-2: Fly out, F9 (Flyball, 9S, EV 85.6 MPH)
|
Batting: RHB Matt Belgard
|
0-0: Ball 1-0: Ball 2-0: Ball 3-0: Base on Balls
|
Batting: LHB Roman Downey
|
0-0: Ball 1-0: Ball 2-0: Called Strike 2-1: Grounds into double play, 6-4-3 (Groundball, 6M, EV 100.0 MPH)
|
Top of the 8th over - 0 runs, 0 hits, 0 errors, 0 left on base; Kansas City 1 - Chicago 1 |
BOTTOM OF THE 8TH |
Chicago White Sox batting - Pitching for Kansas City Royals : RHP Chris Irvin
|
Batting: LHB Sidney Pedder
|
0-0: SINGLE (Line Drive, 78M, EV 90.6 MPH)
|
Batting: RHB Brad Boals
|
0-0: Called Strike 0-1: Foul Ball, location: 2F 0-2: Ball 1-2: Ball 2-2: Ball 3-2: Foul Ball, location: 2F 3-2: Strikes out swinging
|
Pitching: RHP Joe Noonan
|
|
Batting: RHB Steve Castleberry
|
0-0: Called Strike 0-1: Swinging Strike 0-2: Strikes out swinging Sidney Pedder is caught stealing 2nd base 2-4 Batter strikes out.
|
Bottom of the 8th over - 0 runs, 1 hit, 0 errors, 0 left on base; Kansas City 1 - Chicago 1 |
TOP OF THE 9TH |
Kansas City Royals batting - Pitching for Chicago White Sox : RHP Xenophon Valvis
|
Pitching: RHP Riso Profanter
|
|
Batting: LHB Mike Meyerhoff
|
0-0: Swinging Strike 0-1: SINGLE (Groundball, 4, EV 105.0 MPH)
|
Batting: RHB Mike Jaquez
|
0-0: Ball 1-0: Foul Ball, location: 2F 1-1: Hit by Pitch Mike Meyerhoff to second
|
Batting: SHB Jose Pacheco
|
0-0: SINGLE (Line Drive, 7S, EV 92.5 MPH) Mike Meyerhoff to third Mike Jaquez to second
|
Batting: RHB Adam Martin
|
0-0: SINGLE (Groundball, 34D, EV 101.2 MPH) Mike Meyerhoff scores Mike Jaquez to third Jose Pacheco to second Runner from 3rd tries for Home, throw by RF and OUT! 9-2
|
Batting: SHB Gil Switzer
|
0-0: Ball 1-0: Foul Ball, location: 2F 1-1: Ball 2-1: Foul Ball, location: 2F 2-2: Strikes out looking
|
Batting: RHB Bob Najar
|
0-0: Foul Ball, location: 2F 0-1: Ball 1-1: Swinging Strike 1-2: Ball 2-2: SINGLE (Flyball, 3D, EV 83.8 MPH) Jose Pacheco to third Adam Martin to second Runner from 3rd tries for Home, SAFE, throw by RF to home
|
Batting: LHB Justin Rupert
|
0-0: Called Strike 0-1: Ball 1-1: Swinging Strike 1-2: Strikes out swinging
|
Top of the 9th over - 2 runs, 4 hits, 0 errors, 2 left on base; Kansas City 3 - Chicago 1 |
BOTTOM OF THE 9TH |
Chicago White Sox batting - Pitching for Kansas City Royals : RHP Joe Noonan
|
Now at 2B: Jose Pacheco
|
|
Now at 3B: Mikolas Markus
|
|
Now at SS: Yuichi Takata
|
|
Batting: RHB Joseph Disepolo
|
0-0: Ball 1-0: Ball 2-0: Fly out, F9 (Flyball, 89S, EV 91.9 MPH)
|
Batting: LHB Jack Christie
|
0-0: Called Strike 0-1: Ball 1-1: Swinging Strike 1-2: Strikes out swinging
|
Batting: RHB Dieter Knoops
|
0-0: Called Strike 0-1: Ball 1-1: Called Strike 1-2: Strikes out swinging
|
Bottom of the 9th over - 0 runs, 0 hits, 0 errors, 0 left on base; Kansas City 3 - Chicago 1 |
|